 Dungeon Crawl Stone Soup version 0.29-a0-668-g12ee2bf84d (webtiles) character file.

Game seed: 7248344590415679059

7938 hquester1 the Fighter (level 11, -17/99 HPs)
             Began as a Minotaur Fighter on June 23, 2022.
             Was a Believer of Okawaru.
             Demolished by a reaper
             ... wielding a +2 scythe of protection
              (30 damage)
             ... on level 2 of the Abyss.
             The game lasted 00:30:04 (6736 turns).

hquester1 the Fighter (Minotaur Fighter)            Turns: 6736, Time: 00:30:05

Health: -17/99     AC: 18    Str: 21    XL:     11   Next: 3%
Magic:  8/8        EV: 18    Int:  5    God:    Okawaru [**....]
Gold:   271        SH: 14    Dex: 21    Spells: 10/10 levels left

rFire   + . .      SeeInvis .   C - +1 morningstar of Izaxzem {flame, rC+ rCorr Dex+7}
rCold   + . .      Faith    .   I - +1 kite shield {rF+}
rNeg    + . .      Spirit   .   r - +0 pearl dragon scales
rPois   +          Reflect  .   (helmet restricted)
rElec   .          Harm     .   k - +1 cloak
rCorr   +          Rampage  .   (no gloves)
Will    .....                   G - +0 pair of boots
Stlth   ..........              q - amulet of regeneration
HPRegen 0.00/turn               h - +4 ring of evasion
MPRegen 0.11/turn               L - ring of poison resistance

@: mighty, inhibited regen
A: horns 2, retaliatory headbutt, low MP 1, inhibited regeneration
a: Renounce Religion, Heroism


You were on level 2 of the Abyss.
You worshipped Okawaru.
Okawaru was pleased with you.
You visited 2 branches of the dungeon, and saw 10 of its levels.
You visited the Abyss 1 time.
You also visited: Sewer and Ossuary.

You collected 595 gold pieces.
You spent 324 gold pieces at shops.

Inventory:

Hand Weapons
 B - a +1 vorpal flail
 C - the +1 morningstar of Izaxzem (weapon) {flame, rC+ rCorr Dex+7}
   (You bought it in a shop on level 5 of the Dungeon)

   It burns those it strikes, dealing additional fire damage.
   Dex:       It affects your dexterity (+7).
   rC:        It protects you from cold.
   rCorr:     It protects you from acid and corrosion.
 D - a +4 war axe
Missiles
 s - a throwing net (quivered)
Armour
 k - a +1 cloak (worn)
 r - +0 pearl dragon scales (worn)
 G - a +0 pair of boots (worn)
 I - a +1 kite shield of fire resistance (worn)
Jewellery
 h - a +4 ring of evasion (left hand)
 q - an amulet of regeneration (around neck)
 L - a ring of poison resistance (right hand)
 M - an amulet of guardian spirit
Wands
 t - a wand of flame (34)
 y - a wand of iceblast (15)
Scrolls
 b - 2 scrolls of vulnerability
 c - a scroll of blinking
 f - 3 scrolls of noise
 m - 6 scrolls of teleportation
 n - a scroll of poison
 p - 3 scrolls of amnesia
 x - a scroll of identify
 A - 2 scrolls of fear
 E - a scroll of fog
 F - a scroll of summoning {unknown}
 J - a scroll of silence {unknown}
 K - 2 scrolls of enchant weapon {unknown}
 N - a scroll of magic mapping
Potions
 d - 2 potions of might
 g - 8 potions of curing
 i - 2 potions of haste
 j - 2 potions of ambrosia
 l - a potion of lignification
 o - 2 potions of mutation
 u - a potion of flight
 v - a potion of magic
 w - 2 potions of invisibility
 z - 4 potions of cancellation
 H - a potion of brilliance


   Skills:
 + Level 9.9 Fighting
 + Level 9.5 Maces & Flails
 + Level 9.9 Armour
 + Level 8.2 Dodging
 + Level 9.9 Shields


You had 10 spell levels left.
You didn't know any spells.
Your spell library contained the following spells:

 Spells                   Type           Power      Damage    Failure   Level
 Necrotize                Necr           0%         1d4       97%         1
 Slow                     Hex            0%         N/A       97%         1
 Poisonous Vapours        Pois/Air       0%         N/A       99%         2
 Scorch                   Fire           0%         2d5       99%         2
 Sublimation of Blood     Necr           0%         N/A       99%         2
 Wereblood                Tmut           0%         N/A       99%         2
 Confusing Touch          Hex            0%         N/A       100%        3
 Vampiric Draining        Necr           0%         2d6       100%        3
 Corpse Rot               Necr/Pois/Air  0%         N/A       100%        4
 Flame Wave               Conj/Fire      0%         2d4       100%        4
 Agony                    Necr           0%         N/A       100%        5
 Summon Cactus Giant      Summ           Unusable   N/A       N/A         6
 Summon Hydra             Summ           Unusable   N/A       N/A         7

Dungeon Overview and Level Annotations

Branches:
Dungeon (9/15)             Temple (1/1) D:4           Sewer (visited)
Ossuary (visited)
   Lair: D:8-11         Orc: D:9-12

Altars:
Ashenzari
Cheibriados
Dithmenos
Elyvilon
Fedhas
Kikubaaqudgha
Makhleb
Nemelex Xobeh
Okawaru
Qazlal
Ru
Sif Muna
Trog
Uskayaw
Wu Jian
Xom
Yredelemnul
Zin
The Shining One

Shops:
D:5 (   D:6 *   D:7 *

Annotations:
D:9 Erolcha


Innate Abilities, Weirdness & Mutations

You have a pair of horns on your head.
You reflexively headbutt those who attack you in melee.
Your magical capacity is low. (-10% MP)
You do not regenerate when monsters are visible.


Message History

The reaper hits you with a +2 scythe of protection!!
* * * LOW HITPOINT WARNING * * *
You feel much better.
The reaper hits you with a +2 scythe of protection!
* * * LOW HITPOINT WARNING * * *
The ynoxinul gestures.
You hit the reaper but do no damage. You headbutt the reaper.
The reaper is moderately wounded.
The reaper misses you. You block the reaper's attack.
You closely miss the reaper.
The reaper is moderately wounded.
The ynoxinul gestures.
The reaper hits you with a +2 scythe of protection!!
* * * LOW HITPOINT WARNING * * *
You hit the reaper but do no damage. Your headbutt misses the reaper.
The reaper is moderately wounded.
The reaper misses you. You furiously retaliate!
You headbutt the reaper! You closely miss the reaper.
The reaper is moderately wounded.
The reaper misses you.
You barely miss the reaper.
The reaper is moderately wounded.
You block the reaper's attack.
You bludgeon the reaper!! You burn the reaper.
The reaper is severely wounded.
You hear a shout!
You block the reaper's attack.
You sock the reaper! You burn the reaper.
The reaper is almost dead.
You block the reaper's attack. The reaper barely misses you.
You furiously retaliate!
You headbutt the reaper!
You feel much better. You block the reaper's attack.
You barely miss the reaper.
The reaper is almost dead.
The reaper hits you with a +2 scythe of protection!!
* * * LOW HITPOINT WARNING * * *
You hit the reaper but do no damage. You headbutt the reaper.
The reaper is almost dead.
The reaper hits you with a +2 scythe of protection!!
You die...

. .. .#
## #. #
# ##
#.. .
#.##
#...##
##..#
###.
##55.#
#.###
.535 #
..
w.#2#.#
#.
###@##
#3 ..
##..# .
..## #
. # ###
#. #2
.. . .
# ## #
.


You could see a reaper, a ynoxinul and 4 ufetubi.

Vanquished Creatures
  A tentacled starspawn (Abyss:2)
  2 two-headed ogres
  A troll (D:7)
  A hornet (D:7)
  Sigmund (D:5)
  2 wyverns
  A yak (D:9)
  A wraith (D:9)
  A steam dragon (D:7)
  A chaos spawn (Abyss:2)
  A neqoxec (Abyss:2)
  2 water moccasins
  An acid dragon (D:9)
  An orc warrior (D:9)
  Pargi (Sewer)
  An ice beast (D:7)
  A sky beast (D:7)
  3 black bears
  2 ogres
  2 centaurs
  A phantom (D:5)
  5 kobold brigands
  2 bullfrogs
  2 gnoll sergeants
  2 scorpions (D:6)
  5 water moccasin zombies (Ossuary)
  4 wights (D:7)
  9 killer bees
  2 howler monkeys
  3 jellies
  7 hounds
  6 orc priests
  A gnoll shaman (D:8)
  4 iguanas
  13 orc wizards
  2 mummies (Ossuary)
  7 adders
  15 gnolls
  A river rat (D:5)
  A shadow imp (D:6)
  2 white imps
  2 ufetubi (D:6)
  2 adder zombies (Ossuary)
  A worm (D:2)
  A dart slug (D:2)
  27 orcs
  5 ball pythons
  8 endoplasms
  4 giant cockroaches
  6 goblins
  5 hobgoblins
  2 jackals (D:5)
  26 kobolds
  2 quokkas (D:4)
  9 bats
  3 frilled lizards
  4 gnoll zombies (Ossuary)
  5 hobgoblin zombies (Ossuary)
  6 kobold zombies (Ossuary)
  3 orc zombies (Ossuary)
  10 rats
252 creatures vanquished.

Vanquished Creatures (others)
  An orc wizard (D:6)
  6 starspawn tentacles (Abyss:2)
7 creatures vanquished.

Grand Total: 259 creatures vanquished

Notes
Turn   | Place    | Note
-------+----------+-------------------------------------------
     0 | D:1      | hquester1 the Minotaur Fighter began the quest for the Orb.
     0 | D:1      | Reached XP level 1. HP: 19/19 MP: 0/0
   143 | D:1      | Reached XP level 2. HP: 22/27 MP: 1/1
   750 | D:2      | Identified the amulet "Refec" {Spirit *Corrode +Inv Will+}
   760 | D:2      | Reached skill level 1 in Dodging
   854 | D:2      | Reached XP level 3. HP: 29/33 MP: 2/2
   936 | D:2      | Found a faded altar of an unknown god.
  1544 | D:3      | Reached XP level 4. HP: 28/40 MP: 3/3
  1980 | D:3      | Found a shimmering blue altar of Sif Muna.
  2358 | D:3      | Found a glowing silver altar of Zin.
  2410 | D:4      | Found a sand-covered staircase.
  2412 | D:4      | Noticed a black bear
  2419 | Ossuary  | Entered an ossuary
  2475 | Ossuary  | Reached XP level 5. HP: 27/47 MP: 4/4
  2635 | Ossuary  | Reached XP level 6. HP: 45/55 MP: 5/5
  2640 | Ossuary  | Reached skill level 5 in Fighting
  2640 | Ossuary  | Reached skill level 5 in Armour
  2640 | Ossuary  | Reached skill level 5 in Shields
  2776 | D:4      | Reached XP level 7. HP: 39/61 MP: 6/6
  2832 | D:4      | Reached skill level 5 in Maces & Flails
  3011 | D:4      | Found a staircase to the Ecumenical Temple.
  3029 | Temple   | Entered the Ecumenical Temple
  3257 | D:4      | Found a blossoming altar of Fedhas.
  3667 | D:5      | Entered Level 5 of the Dungeon
  3679 | D:5      | Noticed Sigmund
  3696 | D:5      | Killed Sigmund
  3697 | D:5      | Reached XP level 8. HP: 49/70 MP: 7/7
  3895 | D:5      | Found Ciat's Antique Weapon Emporium.
  3911 | D:5      | Found a glowing drain.
  3926 | Sewer    | Entered a sewer
  3947 | Sewer    | Noticed Pargi
  3961 | Sewer    | Killed Pargi
  4269 | D:6      | Reached skill level 5 in Dodging
  4552 | D:6      | Reached XP level 9. HP: 79/79 MP: 8/8
  4649 | D:6      | Found Coaxt's Assorted Antiques.
  4669 | D:6      | Found a snail-covered altar of Cheibriados.
  4702 | D:6      | Found a shimmering altar of Xom.
  4886 | D:5      | Bought a twisted morningstar for 324 gold pieces
  4886 | D:5      | Identified the +1 morningstar of Izaxzem {flame, rC+ rCorr
                  | Dex+7} (You bought it in a shop on level 5 of the Dungeon)
  5000 | D:7      | Found a glowing golden altar of the Shining One.
  5015 | D:7      | Found Riekan's Assorted Antiques.
  5271 | D:7      | Noticed a troll
  5280 | D:7      | Killed a troll
  5359 | D:7      | Found a sparkling altar of Nemelex Xobeh.
  5635 | D:8      | Reached XP level 10. HP: 77/90 MP: 9/9
  5902 | D:8      | Noticed a two-headed ogre
  5908 | D:8      | Killed a two-headed ogre
  6030 | D:8      | Found an iron altar of Okawaru.
  6035 | D:8      | Became a worshipper of Warmaster Okawaru
  6295 | D:9      | Noticed a two-headed ogre
  6314 | D:9      | Killed a two-headed ogre
  6350 | D:9      | Reached * piety under Okawaru
  6551 | D:9      | Noticed Erolcha
  6573 | D:9      | Cast into level 2 of the Abyss (Erolcha)
  6639 | Abyss:2  | Gained mutation: Your magical capacity is low. (-10% MP) [a
                  | neqoxec]
  6648 | Abyss:2  | Gained mutation: You do not regenerate when monsters are
                  | visible. [a neqoxec]
  6654 | Abyss:2  | Noticed a smoke demon
  6689 | Abyss:2  | Noticed a tentacled starspawn
  6689 | Abyss:2  | Noticed a reaper
  6713 | Abyss:2  | Killed a tentacled starspawn
  6713 | Abyss:2  | Reached ** piety under Okawaru
  6714 | Abyss:2  | Reached XP level 11. HP: 57/99 MP: 8/8
  6736 | Abyss:2  | Demolished by a reaper

Illustrated notes

Levels and vault maps discovered:
D:1:      minmay_arrival_loop, layout_rooms
D:2:      layout_loops_ring, shapermc_ecumenical_altar_starsandcircs,
          kennysheep_potato
D:3:      layout_basic, mainiacjoe_overflow_surrounded_room,
          mainiacjoe_overflow_concentric_impassable
D:4:      layout_rooms, mainiacjoe_overflow_boulevard, minmay_temple_entry_grid,
          nicolae_ossuary_entry_ruins, minivault_19
D:5:      nicolae_BIG_FREAKIN_CUBE, layout_rooms, serial_shops,
          kennysheep_mini_moat, portal_sewer_entry_b, uniq_sigmund
D:6:      layout_basic, mainiacjoe_overflow_24_doors,
          mainiacjoe_overflow_alcove_1, serial_shops, nicolae_shop_crystal,
          kennysheep_generic_room_12
D:7:      layout_rooms, amcnicky_altar_gilded, nemelex_altar_shiori,
          serial_shops, nicolae_shop_temple_entry_statues_fountains,
          nicolae_elevator_lobby_asterisk
D:8:      layout_basic, general_overflow_altar
D:9:      layout_gridville, gammafunk_temple_overflow_pools,
          mainiacjoe_overflow_brackets, minmay_circle_x, uniq_joseph,
          uniq_erolcha
Temple:   chequers_temple_sunken
Abyss:2:  base:
D:6

Skill      XL: |  1  2  3  4  5  6  7  8  9 10 |
---------------+-------------------------------+-----
Shields        | 4 5 6 7 8 9 |  9.9
Armour         | 4 5 6 7 8 9 |  9.9
Dodging        | 1 2 3 4 5 6 8 |  8.2
Fighting       | 4 5 6 7 8 9 |  9.9
Maces & Flails | 3 4 5 6 8 9 |  9.5

Action                   |  1- 3 |  4- 6 |  7- 9 | 10-12 || total
-------------------------+-------+-------+-------+-------++-------
Melee: Flail             |    91 |   133 |   253 |       ||   477
       Headbutt          |     4 |    28 |    75 |    49 ||   156
       Morningstar       |       |       |    90 |   180 ||   270
  Use: Potion            |     1 |       |     3 |     6 ||    10
       Scroll            |       |    13 |     7 |     2 ||    22
 Stab: Fleeing           |       |     1 |       |       ||     1
Armor: Scale mail        |    24 |       |       |       ||    24
       Pearl dragon scal |    19 |    48 |   149 |    47 ||   263
Dodge: Dodged            |    48 |    60 |   188 |   113 ||   409
Block: Buckler           |    22 |    26 |    70 |       ||   118
       Kite shield       |       |       |    55 |   130 ||   185

Table legend: (Time is in decaauts)
 A = Elapsed time spent in this place.
 B = Non-inter-level travel time spent in this place.
 C = Inter-level travel time spent in this place.
 D = Time resting spent in this place.
 E = Time spent auto-exploring this place.
 F = Levels seen in this place.
 G = Mean time per level.
                   A        B        C        D        E       F      G
               +--------+--------+--------+--------+--------+-----+--------+
         Total |   6940 |   6643 |    297 |    209 |   4036 |  13 |  533.8 |
       Dungeon |   6085 |   5796 |    289 |     32 |   3806 |   9 |  676.1 |
        Temple |    240 |    233 |      7 |      0 |    226 |   1 |  240.0 |
         Abyss |    168 |    168 |      0 |     23 |      0 |   1 |  168.0 |
         Sewer |     77 |     77 |      0 |      0 |      3 |   1 |   77.0 |
       Ossuary |    368 |    368 |      0 |    154 |      0 |   1 |  368.0 |
               +--------+--------+--------+--------+--------+-----+--------+

Top non-repeatable levels by time:
     D:3: 1010 daAuts
     D:2: 812 daAuts
     D:8: 799 daAuts
     D:4: 734 daAuts
     D:6: 728 daAuts
     D:1: 625 daAuts
     D:5: 550 daAuts
     D:7: 518 daAuts
 Ossuary: 368 daAuts
     D:9: 304 daAuts
  Temple: 240 daAuts
 Abyss:2: 168 daAuts
   Sewer: 77 daAuts
